 Seeded DCSS version 0.30-a0-930-gb9d0489357 (webtiles) character file.

Game seed: 7066997891792816003 (custom seed)

235 GigaChad the Sneak (level 5, 0/30 HPs)
             Began as a Vampire Enchanter on Mar 22, 2023.
             Slain by a hobgoblin (4 damage)
             ... on level 2 of the Dungeon on Mar 23, 2023.
             The game lasted 00:04:25 (1438 turns).

GigaChad the Sneak (Vampire Enchanter)              Turns: 1438, Time: 00:04:26

Health: 0/30       AC:  2    Str:  9    XL:     5   Next: 76%
Magic:  8/8        EV: 18    Int: 18    God:
Gold:   47         SH:  0    Dex: 14    Spells: 9/9 levels left

rFire   . . .      SeeInvis +    e - +0 lajatang
rCold   + + .      Faith    .    (shield currently unavailable)
rNeg    + + +      Spirit   .    b - +0 robe
rPois   ∞          Reflect  .    (no helmet)
rElec   .          Rampage  .    (no cloak)
rCorr   .                        (no gloves)
Will    +....                    (no boots)
Stlth   +++++                    (no amulet)
HPRegen 0.00/turn                g - +5 ring of evasion
MPRegen 0.11/turn                f - ring of willpower

@: bloodless, inhibited regen
A: bloodless, fangs 3, see invisible, vampiric 2
a: Bat Form, Revivify


You were on level 2 of the Dungeon.
You visited 1 branch of the dungeon, and saw 2 of its levels.

You collected 47 gold pieces.

Inventory:

Hand Weapons
 a - a +1 dagger
 e - a +0 lajatang (weapon)
 h - a +0 scythe
Armour
 b - a +0 robe (worn)
Jewellery
 f - a ring of willpower (right hand)
 g - a +5 ring of evasion (left hand)
 i - an amulet of faith
Scrolls
 d - a scroll of identify
Potions
 c - 2 potions of invisibility
 j - a potion of degeneration


   Skills:
 + Level 1.6 Fighting
 + Level 2.3 Short Blades
 * Level 1.3 Staves
 + Level 3.0 Dodging
 + Level 5.7 Stealth
 * Level 2.6 Spellcasting
 * Level 5.7 Hexes


You had 9 spell levels left.
You didn't know any spells.
Your spell library contained the following spells:

 Spells                   Type           Power      Damage    Failure   Level
 Confusing Touch          Hex            22%        N/A       4%          3
 Tukima's Dance           Hex            22%        N/A       4%          3
 Ensorcelled Hibernation  Hex/Ice        24%        N/A       8%          2
 Dazzling Flash           Conj/Hex       24%        N/A       16%         3


Dungeon Overview and Level Annotations

Branches:
Dungeon (2/15)

Altars:

Shops:
D:1 *?*[


Innate Abilities, Weirdness & Mutations

You do not regenerate when monsters are visible.
You are frail without blood (-20% HP).
You can heal yourself when you bite living creatures.
You are immune to poison.
You have razor-sharp teeth.
You have supernaturally acute eyesight. (SInv)
You are afflicted with vampirism and can become a bat while bloodless.


Message History

A hobgoblin comes into view.
The hobgoblin closely misses you.
You slash the giant cockroach!
You kill the giant cockroach!
The hobgoblin closely misses you.
You slash the rat!
You kill the rat!
The hobgoblin misses you.
The goblin shoots a sling bullet.
The sling bullet completely misses you.
You barely miss the hobgoblin. The hobgoblin completely misses you.
The hobgoblin hits you.
The goblin shoots a sling bullet.
The sling bullet closely misses you. The hobgoblin misses you.
The hobgoblin hits you.
You are too injured to fight recklessly!
You are too injured to fight recklessly!
You are too injured to fight recklessly!
You slash the hobgoblin!
You kill the hobgoblin!
The goblin shoots a sling bullet.
The sling bullet hits you. The hobgoblin barely misses you.
The hobgoblin closely misses you.
The goblin shoots a sling bullet.
The sling bullet completely misses you.
You closely miss the hobgoblin. The hobgoblin misses you. x2
The goblin shoots a sling bullet.
The sling bullet closely misses you. The hobgoblin misses you.
The hobgoblin barely misses you.
The goblin unwields a +0 sling.
The goblin wields a +0 dagger.
The goblin closely misses you.
You see here a hobgoblin corpse.
You hit the hobgoblin but do no damage. The hobgoblin closely misses you.
The hobgoblin misses you. The goblin closely misses you.
The hobgoblin hits you but does no damage.
The hobgoblin hits you.
You hit the goblin.
The goblin is severely wounded.
The goblin hits you but does no damage. The hobgoblin misses you.
The hobgoblin hits you.
* * * LOW HITPOINT WARNING * * *
You barely miss the hobgoblin. The goblin hits you with a +0 dagger.
* * * LOW HITPOINT WARNING * * *
The hobgoblin closely misses you. The hobgoblin hits you.
You die...

#...........#
#.........?.#
.#...........
.....?...... #.
..$......##
#.###..(......!
#...
#..#..g......$.
##...
#..$.†@g...)(..
#..[. ####
#..#...g.....#
##.... #..#
#...........#
#..... #..####
#...........#
#..... #.....#
#..#.......##
#_.... ###....#
##..#..†..##
#..... .......#
#....###.#
#....#
..###.###
#......#.#
##...#
........##
#......# .
#...#


You could see 2 hobgoblins and a goblin.

Vanquished Creatures
  Sigmund (D:2)
  A gnoll (D:1)
  3 adders (D:2)
  2 dart slugs (D:1)
  3 endoplasms
  4 giant cockroaches
  2 goblins (D:2)
  4 hobgoblins
  5 jackals (D:1)
  A quokka (D:2)
  2 ball pythons (D:1)
  6 bats
  5 frilled lizards
  6 rats
45 creatures vanquished.

Notes
Turn   | Place    | Note
-------+----------+-------------------------------------------
     0 | D:1      | GigaChad the Vampire Enchanter began the quest for the Orb.
     0 | D:1      | Reached XP level 1. HP: 13/13 MP: 3/3
   453 | D:1      | Found Coneu's Antique Armour Shop.
   481 | D:1      | Reached XP level 2. HP: 19/19 MP: 5/5
   486 | D:1      | Found Xafienaq's General Store.
   554 | D:1      | Upgraded the game from 0.30-a0-924-g0ad0bf95bc to
                  | 0.30-a0-930-gb9d0489357
   615 | D:1      | Reached skill level 5 in Hexes
   911 | D:1      | Reached skill level 5 in Stealth
   918 | D:1      | Gained mutation: You are afflicted with vampirism and can
                  | become a bat while bloodless. [Vampire growth]
   918 | D:1      | Reached XP level 3. HP: 9/25 MP: 6/6
   990 | D:1      | Found Toklaug's Assorted Antiques.
  1103 | D:1      | Found Lacud's Magic Scroll Boutique.
  1150 | D:1      | You fall into a shaft and drop 1 floor!
  1226 | D:2      | Found a faded altar of an unknown god.
  1228 | D:2      | Noticed Sigmund
  1243 | D:2      | Killed Sigmund
  1244 | D:2      | Reached skill level 1 in Fighting
  1244 | D:2      | Reached skill level 1 in Staves
  1244 | D:2      | Reached XP level 4. HP: 22/32 MP: 7/7
  1244 | D:2      | Reached XP level 5. HP: 25/37 MP: 8/8
  1438 | D:2      | Slain by a hobgoblin

Illustrated notes

Levels and vault maps discovered:
D:1:      dpeg_arrival_tiny_d, layout_basic, serial_shops, shop, shop,
          nicolae_shop_behind_doors, shop
D:2:      layout_rooms, hellmonk_ecumenical_altar_zigzags, uniq_sigmund

Skill      XL: |  1  2  3 |
---------------+----------+-----
Hexes          | 5 |  5.7
Stealth        | 5 |  5.7
Fighting       | 1 |  1.6
Short Blades   | 2 |  2.3
Staves         | 1 |  1.3
Dodging        | 3 |  3.0
Spellcasting   | |  2.6

Action                     |  1- 3 |  4- 6 || total
---------------------------+-------+-------++-------
  Melee: Dagger            |    99 |       ||    99
         Bite              |    14 |     3 ||    17
         Lajatang          |    15 |    60 ||    75
Ability: Exsanguinate      |       |     1 ||     1
    Use: Scroll            |     2 |       ||     2
   Stab: Sleeping          |     6 |     4 ||    10
 Armour: Robe              |    41 |    12 ||    53
  Dodge: Dodged            |   119 |    89 ||   208

Table legend: (Time is in decaauts)
 A = Elapsed time spent in this place.
 B = Non-inter-level travel time spent in this place.
 C = Inter-level travel time spent in this place.
 D = Time resting spent in this place.
 E = Time spent auto-exploring this place.
 F = Levels seen in this place.
 G = Mean time per level.
                   A        B        C        D        E       F      G
               +--------+--------+--------+--------+--------+-----+--------+
         Total |   1456 |   1456 |      0 |    547 |    435 |   2 |  728.0 |
       Dungeon |   1456 |   1456 |      0 |    547 |    435 |   2 |  728.0 |
               +--------+--------+--------+--------+--------+-----+--------+

Top non-repeatable levels by time:
     D:1: 1143 daAuts
     D:2: 313 daAuts
